cohdb
Replays
Latest Replays
All Replays
Popular Replays
Top Player Replays
Match Explorer
How It Works
Community
CoH3 Stats
Reddit
Sign in to upload your games and track your stats! →
Sign in with Steam
Match 42895777
Unlisted
Match 42895777
Overview
Messages
Build Orders
End
Construct Weapon Support Center
Construct Barracks
Selects Armored Battlegroup
Selects Veteran Crews
1⁄4-ton 4x4 Truck
Riflemen Squad
Riflemen Squad
Riflemen Squad
Air Support Center
Engineer Squad
Grasshopper Recon Run
P-47 Strafing Run
Construct Motor Pool
Grenade Package
Selects Strength in Steel
M1 Anti-tank Gun Team
.30 cal Machine Gun
Scout Squad
Grasshopper Recon Run
P-47 Strafing Run
Grasshopper Recon Run
M1918 Browning Automatic Rifles
Construct Tank Depot
Grasshopper Recon Run
P-47 Strafing Run
Grasshopper Recon Run
P-47 Strafing Run
Riflemen Squad
P-47 Dive Bomb
M4(105) Sherman Bulldozer
M1 Anti-tank Gun Team
Grasshopper Recon Run
Construct Weapon Support Center
Construct Weapon Support Center
M3 Armored Personnel Carrier
P-47 Strafing Run
Grasshopper Recon Run
Selects Seek and Destroy
Selects UNKNOWN (2160077)
M4A3E8 Sherman Easy Eight
Grasshopper Recon Run
M4A3E8 Sherman Easy Eight
Petranodon
Bismarck
Captain Slackbladder
Ozrealix
Altair-coOl
你是暖光iii
Rogue
Tyyrant
0
0
Comments
sign in to comment!
No comments posted yet!